 Dungeon Crawl Stone Soup version 0.18.1-8-gdd0e5ea (webtiles) character file.

128 Gagarin the Charmwright (level 4, -4/29 HPs)
             Began as a High Elf Skald on May 31, 2016.
             Killed by divine providence
             ... invoked by an orc priest
              (11 damage)
             ... on level 3 of the Dungeon.
             The game lasted 00:07:44 (2799 turns).

Gagarin the Charmwright (High Elf Skald)            Turns: 2799, Time: 00:07:45

Health: -4/29      AC:  3    Str: 11    XL:     4   Next: 87%
Magic:  6/9        EV: 11    Int: 17    God:
Gold:   130        SH:  0    Dex: 14    Spells: 2 memorised, 4 levels left

rFire  . . .     SeeInvis .     a - +0 short sword
rCold  . . .     Gourm    .     b - +0 leather armour
rNeg   . . .     Faith    .     (no shield)
rPois  .         Spirit   .     (no helmet)
rElec  .         Dismiss  .     (no cloak)
rCorr  .         Reflect  .     (no gloves)
SustAt .         Harm     .     (no boots)
MR     .....                    (no amulet)
Stlth  ++........               (no ring)
                                o - ring of stealth

@: regenerating (expiring), not resistant to hostile enchantments, unstealthy
A: no striking features
a: no special abilities


You were on level 3 of the Dungeon.
You were hungry.

You visited 1 branch of the dungeon, and saw 3 of its levels.

You collected 130 gold pieces.

Inventory:

Hand Weapons
 a - a +0 short sword (weapon)
Missiles
 g - 18 arrows
 h - 2 curare-tipped needles
 p - 41 sling bullets
Armour
 b - a +0 leather armour (worn)
 n - a +0 scale mail of cold resistance
Jewellery
 o - a ring of stealth (left hand)
Scrolls
 e - 2 scrolls of teleportation {unknown}
 i - 4 scrolls of enchant armour {unknown}
 j - a scroll of fog {unknown}
 r - a scroll of random uselessness {unknown}
 s - 3 scrolls of magic mapping {unknown}
 t - 2 scrolls of identify {unknown}
 v - a scroll of remove curse {unknown}
Potions
 f - a potion of brilliance {unknown}
 k - a potion of resistance {unknown}
 l - a potion of ambrosia {unknown}
 q - a potion of lignification {unknown}
Books
 c - a book of Battle

   Spells                             Type                      Level
   a - Infusion                       Charms                       1
   b - Shroud of Golubria             Charms/Translocation         2
   c - Song of Slaying                Charms                       2
   d - Spectral Weapon                Hexes/Charms                 3
   e - Regeneration                   Charms/Necromancy            3
Comestibles
 d - 5 bread rations
 m - a slice of pizza
 u - a chunk of flesh


   Skills:
 + Level 2.2 Fighting
 + Level 3.2 Short Blades
 + Level 2.4 Armour
 + Level 1.4 Dodging
 + Level 0.8 Stealth
 + Level 2.8 Spellcasting
 + Level 4.8 Charms


You had 4 spell levels left.
You knew the following spells:

 Your Spells              Type           Power        Failure   Level  Hunger
a - Infusion              Chrm           ###.         3%          1    #......
b - Regeneration          Chrm/Necr      ##........   28%         3    ###....


Dungeon Overview and Level Annotations

Branches:
Dungeon (3/15)

Altars:


Message History

You hit the orc priest but do no damage.
The orc priest is almost dead.
The orc priest mumbles some strange prayers to Beogh against you.
You barely resist.
You hit the orc priest but do no damage.
The orc priest is severely wounded.
The orc priest hits you with a hand axe!
You hit the orc priest.
The orc priest is almost dead.
The orc priest calls down the wrath of Beogh upon you.
Pain shoots through your body!
* * * LOW HITPOINT WARNING * * *
The orc hits you with a whip.
* * * LOW HITPOINT WARNING * * *
You aren't carrying any items that you can evoke.
Drink which item? (? for menu, Esc to quit)
Okay, then.
The orc priest mumbles some strange prayers to Beogh against you.
Beogh smites you!
You die...

#..Y . #....#
.....# ...... #
### ...... #.#..
.....? ##.#o###.#
##...# #.....ooo#
#. # #.##@###o....
# #.##.# ##' #
#.##.# . # #.##.#
.. # #..#.# ... #
#######....###....
####
..................
+<..
#######...........
#### ##.#.####.. #


You could see an orc priest and 3 orcs.

Vanquished Creatures
  A giant frog zombie (D:3)
  5 adders (D:2)
  3 dart slugs
  A giant gecko (D:2)
  An orc (D:3)
  6 bats
  A giant cockroach (D:1)
  3 goblins
  7 hobgoblins
  3 jackals (D:2)
  2 ball pythons
  4 giant newts
  3 kobolds
  4 rats
44 creatures vanquished.

Notes
Turn   | Place    | Note
--------------------------------------------------------------
     0 | D:1      | Gagarin the High Elf Skald began the quest for the Orb.
     0 | D:1      | Reached XP level 1. HP: 14/14 MP: 4/4
   216 | D:1      | Reached skill level 1 in Armour
   268 | D:1      | Reached skill level 4 in Charms
   282 | D:1      | Reached XP level 2. HP: 19/19 MP: 0/6
  1236 | D:2      | Reached XP level 3. HP: 23/24 MP: 2/7
  1337 | D:2      | Learned a level 3 spell: Regeneration
  1765 | D:2      | Reached XP level 4. HP: 27/29 MP: 5/9
  2339 | D:3      | Noticed an ice beast
  2799 | D:3      | Killed from afar by an orc priest

Skill      XL: |  1  2  3  4 |
---------------+-------------+-----
Armour         | 1 2 |  2.4
Charms         | 4 |  4.8
Short Blades   | 3 |  3.2
Fighting       | |  2.2
Dodging        | |  1.4
Stealth        | |  0.8
Spellcasting   | |  2.8

Action                   |  1- 3 |  4- 6 || total
-------------------------+-------+-------++-------
Melee: Short sword       |   113 |    44 ||   157
 Cast: Infusion          |    12 |     3 ||    15
       Regeneration      |     1 |     2 ||     3
 Stab: Sleeping          |       |     4 ||     4
  Eat: Chunk             |     3 |     3 ||     6
Armor: Leather armour    |    31 |     7 ||    38
Dodge: Dodged            |    75 |    22 ||    97
